 Dungeon Crawl Stone Soup version 0.25.1-2-g60ff931df9 (webtiles) character file.

Game seed: 10989914298816596096

14650 tempo the Thaumaturge (level 11, -3/61 HPs)
             Began as a Deep Elf Wizard on Sept 27, 2020.
             Was an Elder of Vehumet.
             Slain by an eight-headed hydra (9 damage)
             ... on level 11 of the Dungeon.
             The game lasted 00:44:28 (16086 turns).

tempo the Thaumaturge (Deep Elf Wizard)            Turns: 16086, Time: 00:44:29

Health: -3/61      AC:  5    Str:  4    XL:     11   Next: 91%
Magic:  17/31      EV: 12    Int: 27    God:    Vehumet [****..]
Gold:   190        SH:  0    Dex: 13    Spells: 27/39 levels left

rFire    + . .     SeeInvis .   N - +12 glaive of Prune {vorpal}
rCold    . . .     Gourm    .   (shield currently unavailable)
rNeg     + . .     Faith    +   E - +2 leather armour {rF+}
rPois    .         Spirit   .   p - +0 helmet
rElec    .         Reflect  .   J - scarf {harm}
rCorr    .         Harm     +   g - +0 pair of gloves
MR       +....                  e - +0 pair of boots
Stlth    ++........             x - amulet of faith
HPRegen  0.20/turn              k - ring of positive energy
MPRegen  0.22/turn              y - -4 ring of protection (curse)

@: no status effects
A: no striking features
a: Renounce Religion


You were on level 11 of the Dungeon.
You worshipped Vehumet.
Vehumet was greatly pleased with you.
You were not hungry.

You visited 1 branch of the dungeon, and saw 11 of its levels.

You collected 667 gold pieces.
You spent 477 gold pieces at shops.

Inventory:

Hand Weapons
 b - a +1 falchion of electrocution
 j - a +0 arbalest
 l - a +0 short sword of venom
 r - the +6 hand axe of Disaster {drain, rN+ Int+3 Dex-3}
   (You found it on level 7 of the Dungeon)

   A truly terrible weapon, it drains the life of those it strikes.
   It affects your intelligence (+3).
   It affects your dexterity (-3).
   It protects you from negative energy.
 N - the +12 glaive of Prune (weapon) {vorpal}
   (You took it off a yaktaur on level 11 of the Dungeon)

   It inflicts extra damage upon your enemies.
Missiles
 a - 67 bolts
Armour
 e - a +0 pair of boots (worn)
 g - a +0 pair of gloves (worn)
 p - a +0 helmet (worn)
 E - a +2 leather armour of fire resistance (worn)
 H - a +0 buckler
 I - a +3 leather armour of positive energy
 J - a scarf of harm (worn)
Magical Staves
 u - an uncursed staff of death
 L - an uncursed staff of air {unknown}
Jewellery
 k - a ring of positive energy (left hand)
 x - an amulet of faith (around neck)
 y - a cursed -4 ring of protection (right hand)
Wands
 q - a wand of paralysis (12)
 t - a wand of digging (4)
 w - a wand of flame (4)
 K - a wand of random effects (18)
Scrolls
 i - 13 scrolls of identify
 m - 3 scrolls of remove curse
 o - 4 scrolls of teleportation
 s - 2 scrolls of fog {unknown}
 v - 2 scrolls of blinking {unknown}
 B - a scroll of brand weapon {unknown}
 C - 3 scrolls of magic mapping
 G - a scroll of silence {unknown}
Potions
 c - 4 potions of curing
 f - 2 potions of brilliance {unknown}
 h - 4 potions of heal wounds
 n - 5 potions of stabbing {unknown}
 z - a potion of haste {unknown}
 A - 4 potions of lignification {unknown}
 D - a potion of berserk rage {unknown}
 F - a potion of mutation {unknown}
Comestibles
 d - 19 rations
 M - 11 chunks of flesh


   Skills:
 - Level 4.0 Fighting
 + Level 4.7 Armour
 - Level 3.3 Dodging
 - Level 3.0 Stealth
 * Level 14.6 Spellcasting
 * Level 12.0 Conjurations
 - Level 1.1 Summonings
 - Level 1.1 Translocations
 + Level 8.1 Fire Magic
 - Level 1.1 Air Magic
 - Level 1.0 Poison Magic
 - Level 1.1 Evocations


You had 27 spell levels left.
You knew the following spells:

 Your Spells              Type           Power        Failure   Level  Hunger
a - Magic Dart            Conj           ####         1%          1    None
b - Mephitic Cloud        Conj/Pois/Air  #####...     1%          3    None
c - Call Imp              Summ           ####....     4%          2    None
d - Blink                 Tloc           N/A          4%          2    None
e - Conjure Flame         Conj/Fire      ######..     1%          3    None
f - Shock                 Conj/Air       ####         1%          1    None

Your spell library contained the following spells:

 Spells                   Type           Power        Failure   Level  Hunger
 Iskenderun's Battlesphe  Conj/Chrm      ######..     3%          5    #......
 Slow                     Hex            ###.....     7%          2    None


Dungeon Overview and Level Annotations

Branches:
Dungeon (11/15)            Temple (0/1) D:7            Lair (0/6) D:11
    Orc (0/2) D:10

Altars:
Ashenzari
Cheibriados
Dithmenos
Gozag
Hepliaklqana
Nemelex Xobeh
Sif Muna
Uskayaw
Vehumet
Wu Jian
Yredelemnul
Zin
Jiyva

Shops:
D:5 *   D:8 %([   D:10 [(**(


Message History

The seven-headed hydra bites you. The seven-headed hydra bites you! x2
The seven-headed hydra bites you.
The seven-headed hydra bites you but does no damage.
The seven-headed hydra bites you.
The seven-headed hydra closely misses you.
Casting: Conjure Flame (safe; 1% risk of failure)
Confirm with . or Enter, or press ? or * to list all spells.
You blink.
The seven-headed hydra is engulfed in blazing flames.
Attack whom?
Press: ? - help, Dir - move target cursor, f/p - seven-headed hydra
Aim: a seven-headed hydra (almost dead)
You reach to attack!
You lop one of the seven-headed hydra's heads off!
The six-headed hydra grows two more!
You slash the eight-headed hydra!
The eight-headed hydra is almost dead.
The eight-headed hydra bites you. The eight-headed hydra bites you!
* * * LOW HITPOINT WARNING * * *
The eight-headed hydra bites you!
You die...

.#.....##....P...P..#
########....P....###
.......#.....>..##
>......#........#
.......#######'##
........§§§§§...#
######.........#
#.......D.#
#........@#
#....###'##
#....#.....
#....#.......
#....#.......
#....######## ######


You could see an eight-headed hydra.

Vanquished Creatures
  An ogre mage (D:11)
  3 two-headed ogres (D:8)
  A tengu warrior (D:10)
  Pikel (D:8)
  2 ugly things (D:11)
  A manticore (D:11)
  Joseph (D:7)
  A yaktaur (D:11)
  2 kobold demonologists
  A troll (D:10)
  Prince Ribbit (D:8)
  4 hippogriffs
  A slime creature (D:10)
  A wraith (D:7)
  A wyvern (D:10)
  The ghost of queenofzan the Chopper, an amateur HOMo (D:3)
  7 yaks
  Grum (D:10)
  A vampire mosquito (D:11)
  A warg (D:10)
  A porcupine (D:11)
  2 slaves (D:8)
  4 sky beasts
  An ice beast (D:9)
  3 orc warriors
  5 black bears
  4 phantoms
  4 wolves (D:10)
  7 ogres
  A centaur (D:5)
  A crocodile (D:11)
  6 bullfrogs
  3 scorpions
  A water moccasin skeleton (D:7)
  11 killer bees
  15 wights
  3 howler monkeys (D:7)
  12 crimson imps
  A bullfrog zombie (D:9)
  2 centaur skeletons
  7 orc priests
  6 jellies
  3 bullfrog skeletons
  A centaur zombie (D:6)
  Ijyb (D:4)
  2 iguanas
  10 worker ants
  7 orc wizards
  A hound zombie (D:8)
  A worker ant zombie (D:9)
  A howler monkey skeleton (D:9)
  7 adders
  A shadow imp (D:9)
  An ooze (D:3)
  2 adder skeletons
  A worm (D:2)
  A dart slug (D:5)
  4 leopard geckos
  29 orcs
  6 giant cockroaches
  3 goblins
  8 hobgoblins
  4 jackals
  9 kobolds
  4 quokkas
  4 ball pythons
  10 bats
  3 frilled lizards
  11 rats
  5 fungi (D:11)
  2 plants (D:11)
275 creatures vanquished.

Vanquished Creatures (collateral kills)
  2 killer bees
2 creatures vanquished.

Vanquished Creatures (others)
  A slave (D:8)
  A killer bee (D:10)
  2 wights (D:8)
  An orc (D:8)
  14 fungi (D:11)
  3 plants (D:11)
22 creatures vanquished.

Grand Total: 299 creatures vanquished

Notes
Turn   | Place    | Note
-------+----------+-------------------------------------------
     0 | D:1      | tempo the Deep Elf Wizard began the quest for the Orb.
     0 | D:1      | Reached XP level 1. HP: 10/10 MP: 7/7
   181 | D:1      | Reached XP level 2. HP: 15/15 MP: 1/9
   821 | D:1      | Reached skill level 5 in Spellcasting
  1222 | D:2      | Reached XP level 3. HP: 20/20 MP: 7/11
  1265 | D:2      | Learned a level 3 spell: Mephitic Cloud
  1270 | D:2      | Learned a level 2 spell: Call Imp
  1273 | D:2      | Learned a level 2 spell: Blink
  1277 | D:2      | Learned a level 3 spell: Conjure Flame
  1526 | D:2      | Found a glowing silver altar of Zin.
  1624 | D:2      | Reached skill level 1 in Armour
  1683 | D:2      | Reached skill level 1 in Fighting
  1995 | D:2      | Reached XP level 4. HP: 25/25 MP: 4/13
  2367 | D:3      | Noticed a +0 dagger
  2367 | D:3      | Noticed a +4 dagger
  2407 | D:3      | Found a faded altar of an unknown god.
  2475 | D:3      | Found a large runed translucent door.
  2475 | D:3      | Found a large runed translucent door.
  2475 | D:3      | Noticed queenofzan's ghost (amateur HOMo)
  2548 | D:3      | Found a hide-covered altar of Uskayaw.
  2616 | D:3      | Found an ornate altar of the Wu Jian Council.
  2825 | D:3      | Reached skill level 1 in Fire Magic
  3348 | D:3      | Killed queenofzan's ghost
  3348 | D:3      | Reached skill level 6 in Spellcasting
  3348 | D:3      | Reached skill level 1 in Air Magic
  3348 | D:3      | Reached XP level 5. HP: 19/29 MP: 11/15
  3348 | D:3      | Reached XP level 6. HP: 22/34 MP: 12/17
  3522 | D:4      | Found a shimmering blue altar of Sif Muna.
  3854 | D:4      | Reached skill level 1 in Poison Magic
  3912 | D:4      | Reached skill level 7 in Spellcasting
  4114 | D:4      | Noticed Ijyb
  4130 | D:4      | Killed Ijyb
  4130 | D:4      | Reached XP level 7. HP: 35/38 MP: 14/19
  4707 | D:5      | Entered Level 5 of the Dungeon
  4925 | D:5      | Found Muwk's General Store.
  4933 | D:5      | Bought a potion of curing for 45 gold pieces
  4933 | D:5      | Bought a scroll of noise for 15 gold pieces
  4933 | D:5      | Bought a potion of heal wounds for 75 gold pieces
  4933 | D:5      | Bought a scroll of identify for 30 gold pieces
  5190 | D:5      | Found a basalt altar of Yredelemnul.
  5247 | D:5      | Reached skill level 5 in Conjurations
  5686 | D:6      | Reached skill level 1 in Evocations
  5949 | D:6      | Reached skill level 8 in Spellcasting
  6624 | D:6      | Reached XP level 8. HP: 44/44 MP: 15/22
  6689 | D:6      | Found an opulent altar of Gozag.
  6690 | D:6      | Found a sparkling altar of Nemelex Xobeh.
  6763 | D:6      | Found a shattered altar of Ashenzari.
  6763 | D:6      | Found a radiant altar of Vehumet.
  6840 | D:6      | Found a snail-covered altar of Cheibriados.
  6848 | D:6      | Became a worshipper of Vehumet
  7266 | D:7      | Reached skill level 9 in Spellcasting
  7493 | D:7      | Lost strength.
  7498 | D:7      | Noticed Joseph
  7881 | D:7      | Found a staircase to the Ecumenical Temple.
  8381 | D:7      | Reached * piety under Vehumet
  8381 | D:7      | Offered knowledge of Shock by Vehumet.
  8384 | D:7      | Learned a level 1 spell: Shock
  8474 | D:7      | Got a masterwork hand axe
  8483 | D:7      | HP: 2/44 [Joseph/sling bullet (12)]
  8495 | D:6      | Identified the +6 hand axe of Disaster {drain, rN+ Int+3
                  | Dex-3} (You found it on level 7 of the Dungeon)
  8954 | D:7      | Killed Joseph
  8954 | D:7      | Reached skill level 10 in Spellcasting
  8954 | D:7      | Reached XP level 9. HP: 31/48 MP: 9/25
  9216 | D:8      | Noticed Prince Ribbit
  9541 | D:8      | Killed Prince Ribbit
  9937 | D:8      | Reached skill level 11 in Spellcasting
  9937 | D:8      | Reached skill level 5 in Fire Magic
  9994 | D:8      | Found Selixay's Food Shop.
  9994 | D:8      | Noticed Pikel
 10006 | D:8      | Noticed a two-headed ogre
 10007 | D:8      | Killed Pikel
 10037 | D:8      | Killed a two-headed ogre
 10037 | D:8      | Reached XP level 10. HP: 18/55 MP: 3/27
 10455 | D:8      | Found a shadowy altar of Dithmenos.
 10665 | D:8      | Found Quateat's Weapon Shop.
 10673 | D:8      | Noticed a two-headed ogre
 10690 | D:8      | Killed a two-headed ogre
 10690 | D:8      | Reached skill level 12 in Spellcasting
 10694 | D:8      | Reached ** piety under Vehumet
 10697 | D:8      | Offered knowledge of Foxfire by Vehumet.
 10868 | D:8      | Found Myerih's Armour Emporium.
 10872 | D:8      | Noticed a two-headed ogre
 10894 | D:8      | Killed a two-headed ogre
 10894 | D:8      | Reached skill level 10 in Conjurations
 12009 | D:9      | Offered knowledge of Searing Ray by Vehumet.
 12288 | D:9      | Reached skill level 13 in Spellcasting
 12437 | D:10     | Entered Level 10 of the Dungeon
 13019 | D:10     | Noticed Grum
 13023 | D:10     | Reached *** piety under Vehumet
 13032 | D:10     | Reached XP level 11. HP: 38/61 MP: 27/30
 13052 | D:10     | Killed Grum
 13197 | D:10     | Noticed a tengu warrior
 13228 | D:10     | Killed a tengu warrior
 13450 | D:10     | Found a staircase to the Orcish Mines.
 13549 | D:10     | Offered knowledge of Ignite Poison by Vehumet.
 13640 | D:10     | Found Kirocy Aguma's Antique Armour Shop.
 13653 | D:10     | Bought a runed scarf for 312 gold pieces
 13714 | D:10     | Found a hazy altar of Hepliaklqana.
 13726 | D:10     | Found Fasov's Antique Weapon Emporium.
 14092 | D:10     | Found Dewn's Antique Weapon Shoppe.
 14096 | D:10     | Found Exiafoz's Assorted Antiques.
 14099 | D:10     | Found a viscous altar of Jiyva.
 14209 | D:10     | Found Feasix's General Store.
 14388 | D:10     | Reached **** piety under Vehumet
 14535 | D:11     | Offered knowledge of Iskenderun's Battlesphere by Vehumet.
 14692 | D:11     | Reached skill level 14 in Spellcasting
 14821 | D:11     | Found a staircase to the Lair.
 14930 | D:11     | Noticed a cyan ugly thing
 14956 | D:11     | Killed a cyan ugly thing
 15262 | D:11     | Noticed a purple ugly thing
 15270 | D:11     | Killed a purple ugly thing
 15281 | D:11     | Noticed an ogre mage
 15733 | D:11     | Noticed a six-headed hydra
 15947 | D:11     | Killed an ogre mage
 16086 | D:11     | Slain by an eight-headed hydra

Illustrated notes

Levels and vault maps discovered:
D:1:      onia_arrival_mini_maze, layout_basic, serial_bayou_pond_d,
          chequers_serial_rivers_small_b, minmay_misc_feat_rows, feat_on_display
D:2:      layout_rooms, zin_statuary
D:3:      layout_loops_ring, overflow_temple_1_default, dancing_weapons_uskayaw,
          chequers_ecumenical_altar_simple_redux, ebering_ghost_disaster_area
D:4:      layout_basic, nicolae_overflow_crystal_walls, uniq_ijyb
D:5:      layout_basic, lemuel_coloured_pillars_altar, first_ration,
          serial_shops, shop, kennysheep_minor_cross, small_statue_intersection,
          kb_lookout_dungeons_type
D:6:      layout_loops_corners, grunt_temple_overflow_opulence,
          gammafunk_temple_overflow_claw, minivault_11
D:7:      layout_gridville, minmay_temple_entry_gardened_gates, uniq_joseph
D:8:      layout_loops_ring, grunt_dithmenos_shadows, serial_shops, shop, shop,
          nicolae_shop_behind_doors, uniq_pikel, uniq_prince_ribbit1
D:9:      layout_loops_ring
D:10:     layout_gridville, erik_orc_3, serial_shops, shop,
          nicolae_shop_waterfront, nicolae_shop_window_shopping,
          nicolae_shop_trees, nicolae_shop_window_shopping, basic_altar,
          grunt_tengu_nest, jiyva_altar_1, uniq_grum
D:11:     minmay_blocky_corners, layout_gridville, due_lair_maze_entry_diamond

Skill      XL: |  1  2  3  4  5  6  7  8  9 10 11 |
---------------+----------------------------------+-----
Spellcasting   | 5 6 7 8 10 11 13 14 | 14.6
Armour         | 1 2 3 4 |  4.7
Fighting       | 1 2 4 |  4.0
Conjurations   | 2 3 4 5 7 9 10 12 | 12.0
Fire Magic     | 1 2 4 5 6 8 |  8.1
Dodging        | 3 |  3.3
Air Magic      | 1 |  1.1
Poison Magic   | 1 |  1.0
Stealth        | 3 |  3.0
Evocations     | 1 |  1.1
Summonings     | |  1.1
Translocations | |  1.1

Action                   |  1- 3 |  4- 6 |  7- 9 | 10-12 || total
-------------------------+-------+-------+-------+-------++-------
Melee: Mace              |     1 |       |       |       ||     1
       Short sword       |       |    26 |    77 |       ||   103
       Hand axe          |       |       |    28 |    90 ||   118
       Glaive            |       |       |       |     2 ||     2
 Cast: Magic Dart        |    98 |    89 |   131 |   124 ||   442
       Conjure Flame     |       |     3 |    16 |    36 ||    55
       Call Imp          |       |     2 |     1 |     2 ||     5
       Mephitic Cloud    |       |     6 |    35 |    44 ||    85
       Blink             |       |     1 |     8 |     5 ||    14
       Shock             |       |       |    62 |   295 ||   357
Evoke: Wand              |       |       |       |     1 ||     1
  Use: Scroll            |       |       |     5 |     1 ||     6
 Stab: Confused          |       |     2 |     6 |     3 ||    11
  Eat: Chunk             |     3 |     7 |    11 |    15 ||    36
       Ration            |       |       |     2 |     1 ||     3
Armor: Leather armour    |     2 |     9 |    34 |    25 ||    70
Dodge: Dodged            |    12 |    35 |   105 |   100 ||   252
